[Event "German Bundesliga 2023-24"]
[Site "Germany"]
[Date "2024.02.04"]
[Round "7.15"]
[White "Winterberg, Lukas"]
[Black "Reuker, Jari"]
[Result "1/2-1/2"]
[ECO "D38"]
[WhiteElo "2410"]
[BlackElo "2403"]
[Annotator "ChessBase"]
[PlyCount "62"]
[EventDate "2023.10.20"]
[EventType "team-tourn"]
[EventCountry "GER"]
[SourceTitle "playchess.com"]
[Source "ChessBase"]
[SourceQuality "1"]
[TimeControl "40/6000+30:3000+30"]

1. d4 Nf6 2. Nf3 d5 3. c4 e6 4. Nc3 Bb4 5. Bg5 h6 6. Bxf6 Qxf6 7. e3 O-O 8. Rc1 dxc4 9. Bxc4 c5 10. O-O cxd4 11. Ne4 Qe7 12. a3 Ba5 13. Qxd4 Rd8 14. Qc5 Qxc5 15. Nxc5 Nd7 16. Nb3 Bb6 17. Rfd1 Nf6 18. Rxd8+ Bxd8 19. Nbd4 a6 20. Ne5 Bb6 21. Be2 Bd7 22. Bf3 Rb8 23. Rc3 Be8 24. g3 Kf8 25. b4 Nd7 26. Nc4 Bc7 27. Na5 Bxa5 28. bxa5 Ne5 29. Bg2 b6 30. f4 Nd7 31. axb6 Rxb6 1/2-1/2

[Event "German Bundesliga 2023-24"]
[Site "Germany"]
[Date "2024.02.03"]
[Round "7.16"]
[White "Gungl, Theo"]
[Black "Sebastian, Dirk"]
[Result "1/2-1/2"]
[ECO "E60"]
[WhiteElo "2372"]
[BlackElo "2432"]
[Annotator "ChessBase"]
[PlyCount "53"]
[EventDate "2023.10.20"]
[EventType "team-tourn"]
[EventCountry "GER"]
[SourceTitle "playchess.com"]
[Source "ChessBase"]
[SourceQuality "1"]
[TimeControl "40/6000+30:3000+30"]

1. d4 Nf6 2. c4 g6 3. h4 Bg7 4. Nc3 Nc6 5. e4 e5 6. d5 Nd4 7. Nf3 Nxf3+ 8. Qxf3 d6 9. Be2 O-O 10. Qd3 c6 11. Be3 cxd5 12. Nxd5 Nxd5 13. Qxd5 Be6 14. Qb5 f5 15. f3 fxe4 16. fxe4 a6 17. Qb4 Bf6 18. O-O-O Be7 19. Qxb7 Rb8 20. Qa7 Qa5 21. a3 Rfc8 22. Qxe7 Bxc4 23. Bxc4+ Rxc4+ 24. Kb1 Rxb2+ 25. Kxb2 Qc3+ 26. Ka2 Qc2+ 27. Ka1 1/2-1/2

[Event "German Bundesliga 2023-24"]
[Site "Germany"]
[Date "2024.02.04"]
[Round "7.16"]
[White "Schulze, Lara"]
[Black "Ronge, Tim"]
[Result "1/2-1/2"]
[ECO "C55"]
[WhiteElo "2293"]
[BlackElo "2301"]
[Annotator "ChessBase"]
[PlyCount "69"]
[EventDate "2023.10.20"]
[EventType "team-tourn"]
[EventCountry "GER"]
[SourceTitle "playchess.com"]
[Source "ChessBase"]
[SourceQuality "1"]
[TimeControl "40/6000+30:3000+30"]

1. e4 e5 2. Nf3 Nc6 3. Bc4 Nf6 4. d3 h6 5. c3 d6 6. O-O g6 7. d4 Qe7 8. Re1 Bg7 9. a4 a5 10. Nbd2 O-O 11. h3 Kh8 12. Nf1 Bd7 13. Ne3 exd4 14. cxd4 Rae8 15. Nd5 Qd8 16. Nc3 Nh7 17. Qb3 Nxd4 18. Nxd4 Bxd4 19. Be3 Bxe3 20. Rxe3 Ng5 21. Qxb7 f5 22. exf5 Rxe3 23. fxe3 Bxf5 24. Rf1 Re8 25. e4 Nxe4 26. Nxe4 Bxe4 27. Qa7 d5 28. Bb5 Rf8 29. Rxf8+ Qxf8 30. Qxc7 Qb4 31. Qe5+ Kh7 32. Kh2 Qd2 33. Qe7+ Kg8 34. Qe8+ Kg7 35. Qe7+ 1/2-1/2

[Event "German Bundesliga 2023-24"]
[Site "Germany"]
[Date "2024.02.04"]
[Round "8.1"]
[White "Harikrishna, Pentala"]
[Black "Svane, Rasmus"]
[Result "1/2-1/2"]
[ECO "D33"]
[WhiteElo "2716"]
[BlackElo "2646"]
[Annotator "TA"]
[PlyCount "83"]
[EventDate "2023.10.20"]
[EventType "team-tourn"]
[EventCountry "GER"]
[SourceTitle "playchess.com"]
[Source "ChessBase"]
[SourceQuality "1"]
[TimeControl "40/6000+30:3000+30"]

1. c4 Nf6 2. Nc3 c5 3. Nf3 e6 4. g3 d5 5. cxd5 exd5 6. d4 Nc6 7. a3 cxd4 8. Nxd4 Bc5 9. Be3 {[%emt 0:01:50] [#] Strongly threatening Nxc6.} Bb6 10. Bg2 O-O 11. O-O Re8 12. Rc1 Bg4 {[%emt 0:29:39] The position is equal.} 13. Nxc6 bxc6 14. Bd4 Rb8 15. Re1 Bxd4 16. Qxd4 Qa5 17. f3 Be6 18. Na4 Nd7 19. Red1 Rec8 20. Nc5 Nxc5 21. Rxc5 Rb5 22. Rdc1 Qb6 23. b4 a5 24. e3 axb4 25. Rxb5 Qxb5 26. axb4 Rb8 27. Bf1 Qxb4 28. Qxb4 Rxb4 29. Rxc6 $11 {[%emt 0:00:14][%mdl 4096] Endgame. KRB-KRB} Rb3 30. Kf2 Rb2+ 31. Be2 h5 32. h4 g6 33. Ke1 Kg7 34. Rc1 Rb3 35. Kf2 Rb2 36. Rd1 Kf6 37. Rd4 Ke5 38. Ke1 Rb1+ 39. Bd1 Rb2 40. f4+ Kf6 41. Bf3 Rb5 42. Rd2 {[%emt 0:00:00] A rather calm draw.   Weighted Error Value: White=0.05 (flawless) /Black=0.04 (flawless) .  Inaccurate:     	---       	Black=1      OK:         	White=14    	Black=14     Best:        	White=2     	---} 1/2-1/2

[Event "German Bundesliga 2023-24"]
[Site "Germany"]
[Date "2024.02.04"]
[Round "8.1"]
[White "Bluebaum, Matthias"]
[Black "Eljanov, Pavel"]
[Result "1/2-1/2"]
[ECO "D05"]
[WhiteElo "2668"]
[BlackElo "2695"]
[Annotator "TA"]
[PlyCount "91"]
[EventDate "2023.10.20"]
[EventType "team-tourn"]
[EventCountry "GER"]
[SourceTitle "playchess.com"]
[Source "ChessBase"]
[SourceQuality "1"]
[TimeControl "40/6000+30:3000+30"]

1. Nf3 d5 2. e3 c5 3. b3 Nf6 4. Bb2 e6 5. d4 Nc6 6. Nbd2 Bd6 7. dxc5 Bxc5 8. a3 a5 9. Bd3 {[%emt 0:05:27] The position is equal.} O-O 10. O-O b6 11. Qe2 Bb7 12. Rfd1 Qe7 13. c4 Rad8 14. cxd5 exd5 15. Nf1 Ne4 16. Ng3 Nxg3 (16... f5 $5) 17. hxg3 Bc8 {[%emt 0:03:55] [#]} (17... f6 $14) 18. Qc2 $1 $16 g6 19. Bb5 Na7 20. Be2 {[%emt 0:00:44][%cal Ob3b4] Black must now prevent b4!} Nc6 $1 21. Qc3 f6 (21... d4 22. Nxd4 Nxd4 23. Bc4 $11) 22. Rd2 Be6 23. Rad1 Kg7 24. Qc1 h5 25. Bb5 Na7 26. Bd3 Nc6 27. Nh4 Bf7 28. Qb1 Qe8 29. Bb5 $36 {[%emt 0:01:26][%mdl 2048] Rc2 would now be deadly. Black is under strong pressure.} Qe6 30. Nf3 {[%emt 0:03:29] Hoping for Ng5.} Ne5 31. Be2 Qe7 $1 32. Nxe5 fxe5 {[%emt 0:00:04] [#]} 33. b4 $1 axb4 34. axb4 Bxb4 {[%emt 0:01:56] [#]} (34... Bd6 $14) 35. Bxe5+ $1 Qxe5 (35... Kh6 36. Rc2) 36. Qxb4 Qd6 37. Qd4+ (37. Qb3 $142) 37... Qf6 38. Bf3 Rd6 ({Black should try} 38... Qxd4 $14 39. Rxd4 Rd6) 39. Qb4 Rc6 40. Kh2 {[%emt 0:02:06] White is more active.} (40. Bxd5 $6 Bxd5 41. Rxd5 Qxf2+ 42. Kh2 Rf3 $11) (40. Qa3 $142) 40... Rc4 41. Qb2 Rc5 (41... Qxb2 $14 42. Rxb2 Rd8) 42. Rb1 (42. Bxd5 $2 {loses.} Qxb2 43. Rxb2 Bxd5 $19 (43... Rxd5 $2 44. Ra1 $19)) (42. Qxf6+ Kxf6 43. Bxd5 Bxd5 44. Rxd5 Rxd5 45. Rxd5 Ke6) (42. Qb1 $16) 42... Rb8 43. Rd4 Rc4 44. Rd2 ({But not} 44. Bxd5 Rxd4 45. Bxf7 Rd3 $15) 44... Rc5 45. Rd4 Rc4 $1 46. Rd2 {[%emt 0:00:00] Weighted Error Value: White=0.13 (very precise) /Black=0.10 (very precise) .  Mistake:       	White=4     	Black=4      Inaccurate:     	White=2     	Black=1      OK:         	White=15    	Black=16     Best:        	---       	Black=3      Strong:       	White=1     	Black=3      Brilliant:      	White=1     	---} ({Much weaker is} 46. Bxd5 Rxd4 47. Bxf7 Rd3 $15) ({Better is} 46. Rbd1 $14) 1/2-1/2

[Event "German Bundesliga 2023-24"]
[Site "Germany"]
[Date "2024.02.04"]
[Round "8.1"]
[White "Nisipeanu, Liviu-Dieter"]
[Black "Abasov, Nijat"]
[Result "1-0"]
[ECO "E53"]
[WhiteElo "2600"]
[BlackElo "2641"]
[Annotator "RC"]
[PlyCount "69"]
[EventDate "2023.10.20"]
[EventType "team-tourn"]
[EventCountry "GER"]
[SourceTitle "playchess.com"]
[Source "ChessBase"]
[SourceQuality "1"]
[TimeControl "40/6000+30:3000+30"]

1. d4 Nf6 2. c4 e6 3. Nc3 Bb4 4. e3 O-O 5. Bd3 d5 6. Nf3 b6 7. cxd5 exd5 8. O-O c5 9. a3 Bxc3 10. bxc3 Ba6 11. dxc5 bxc5 12. Bxa6 Nxa6 13. c4 Rb8 14. Qc2 Qb6 15. cxd5 Nxd5 16. e4 Ndc7 17. Bf4 Rfe8 18. Rab1 Qa5 19. Ne5 Rxb1 20. Rxb1 Ne6 21. Nc6 Nd4 22. Nxd4 cxd4 23. Bd6 Qc3 24. Qa4 Qc8 25. Qxd4 Qc6 26. e5 Rc8 27. h3 Qd7 28. Qb2 Nc5 29. Bxc5 Rxc5 30. Qd4 Qc7 31. Qxc5 Qxc5 32. Rb8+ Qf8 33. Rxf8+ Kxf8 34. f4 Ke7 35. f5 1-0

[Event "German Bundesliga 2023-24"]
[Site "Germany"]
[Date "2024.02.04"]
[Round "8.1"]
[White "Kadric, Denis"]
[Black "Livaic, Leon"]
[Result "1/2-1/2"]
[ECO "B33"]
[WhiteElo "2579"]
[BlackElo "2549"]
[Annotator "RC"]
[PlyCount "66"]
[EventDate "2023.10.20"]
[EventType "team-tourn"]
[EventCountry "GER"]
[SourceTitle "playchess.com"]
[Source "ChessBase"]
[SourceQuality "1"]
[TimeControl "40/6000+30:3000+30"]

1. e4 c5 2. Nf3 e6 3. d4 cxd4 4. Nxd4 Nf6 5. Nc3 Nc6 6. Ndb5 d6 7. Bf4 e5 8. Bg5 a6 9. Na3 b5 10. Nd5 Be7 11. Bxf6 Bxf6 12. c3 Rb8 13. Nc2 Bg5 14. a4 bxa4 15. Ncb4 Nxb4 16. cxb4 O-O 17. Rxa4 a5 18. b5 Bd7 19. Nc3 d5 20. exd5 f5 21. Be2 e4 22. O-O Bf4 23. Qb3 Bd6 24. Rfa1 h5 25. Rc4 Qe7 26. Rxa5 Qe5 27. g3 h4 28. Ra7 hxg3 29. hxg3 Be8 30. Qa4 Bg6 31. Rd7 Be8 32. Ra7 Bg6 33. Rd7 Be8 1/2-1/2

[Event "German Bundesliga 2023-24"]
[Site "Germany"]
[Date "2024.02.04"]
[Round "8.2"]
[White "Svane, Frederik"]
[Black "Ragger, Markus"]
[Result "1-0"]
[ECO "C50"]
[WhiteElo "2626"]
[BlackElo "2615"]
[Annotator "RC"]
[PlyCount "105"]
[EventDate "2023.10.20"]
[EventType "team-tourn"]
[EventCountry "GER"]
[SourceTitle "playchess.com"]
[Source "ChessBase"]
[SourceQuality "1"]
[TimeControl "40/6000+30:3000+30"]

1. e4 e5 2. Nf3 Nc6 3. Bc4 Bc5 4. d3 Nf6 5. Nc3 a6 6. a4 d6 7. O-O h6 8. Be3 O-O 9. Bxc5 dxc5 10. Nd5 Qd6 11. Ne3 b6 12. Nh4 Ne7 13. Ba2 Be6 14. Nc4 Bxc4 15. Bxc4 Qd7 16. Qe2 b5 17. Ba2 Rab8 18. c3 Rfd8 19. Rad1 Qg4 20. Nf3 Ng6 21. Qe3 Nd7 22. h3 Qf4 23. axb5 axb5 24. Qe2 Qf6 25. g3 Ra8 26. Bd5 c6 27. Bb3 Nb6 28. Nh2 Qe7 29. Ng4 Rab8 30. Ne3 Qf6 31. h4 Nd7 32. h5 Ne7 33. f4 c4 34. dxc4 exf4 35. gxf4 Nc5 36. e5 Qh4 37. Qf3 f5 38. Ba2 Rxd1 39. cxb5+ Rd5 40. bxc6 Rxb2 41. Bxd5+ Nxd5 42. Qxd5+ Kh7 43. Ng2 Qe7 44. Qd6 Qa7 45. Kh2 Ne4 46. Qd7 Rxg2+ 47. Kxg2 Qa2+ 48. Kg1 Ng3 49. Rf2 Qb1+ 50. Kg2 Nxh5 51. c7 Qe4+ 52. Kh2 Nxf4 53. Qd4 1-0

[Event "German Bundesliga 2023-24"]
[Site "Germany"]
[Date "2024.02.04"]
[Round "8.2"]
[White "Motylev, Alexander"]
[Black "Bartel, Mateusz"]
[Result "1/2-1/2"]
[ECO "C01"]
[WhiteElo "2619"]
[BlackElo "2651"]
[Annotator "TA"]
[PlyCount "70"]
[EventDate "2023.10.20"]
[EventType "team-tourn"]
[EventCountry "GER"]
[SourceTitle "playchess.com"]
[Source "ChessBase"]
[SourceQuality "1"]
[TimeControl "40/6000+30:3000+30"]

1. e4 e6 2. d4 d5 3. Nc3 Bb4 4. exd5 exd5 5. Bd3 Ne7 6. Qh5 c5 7. dxc5 $1 (7. Bxh7 $2 Bf5 (7... cxd4 $2 8. a3 $19) 8. Qd1 Bxh7 $19 (8... Rxh7 $2 9. Nge2 $19)) 7... Nd7 8. Nf3 {[%emt 0:18:57] White is more active.} (8. Bxh7 $2 {loses.} Nf6 (8... Bxc5 $2 9. Bg5 $19) (8... Nxc5 $2 9. Nf3 $19) (8... Nf8 $2 9. Bd2 $19) 9. Qd1 Bxc3+ (9... Nxh7 $2 10. Nf3 $19) (9... Rxh7 $2 10. Nge2 $19) 10. bxc3 Nxh7 $19) ({White should try} 8. Be3 $14) 8... Nxc5 $11 9. Bb5+ Bd7 10. Ne5 {[%emt 0:01:07][%csl Ge5][%cal Rh5f7] [#]} O-O 11. Nxd7 Nxd7 12. O-O Nf6 13. Qf3 Rc8 14. Ne2 Qb6 ({Much worse is} 14... Rxc2 $6 15. Qb3 Rxc1 16. Raxc1 $16 (16. Rfxc1 Ba5 $16)) 15. Bd3 Ng6 16. c3 Ne5 17. Qh3 Nxd3 18. Qxd3 Bc5 19. b4 Bd6 20. Bg5 Be5 21. Bxf6 Bxf6 22. Qxd5 Rfe8 23. Qf3 Qc6 24. Qxc6 Rxc6 25. Rfe1 Kf8 26. Kf1 Bxc3 27. Nxc3 Rxc3 {[%emt 0:00:03][%mdl 4096] Endgame. KRR-KRR} 28. Rec1 Rec8 29. Rd1 Rc2 30. a3 {[%emt 0:01:04] The position is equal.} g6 31. Rd3 R8c3 32. Rad1 b5 33. g3 a6 34. Rd8+ Kg7 35. R1d3 Rxd3 {[%emt 0:04:44] Weighted Error Value: White=0.05 (flawless) /Black=0.03 (flawless) .  Mistake:       	White=1     	---        OK:         	White=18    	Black=11     Best:        	---       	Black=2} 1/2-1/2

[Event "German Bundesliga 2023-24"]
[Site "Germany"]
[Date "2024.02.04"]
[Round "8.2"]
[White "Kraemer, Martin"]
[Black "Brkic, Ante"]
[Result "1/2-1/2"]
[ECO "B90"]
[WhiteElo "2579"]
[BlackElo "2606"]
[Annotator "RC"]
[PlyCount "51"]
[EventDate "2023.10.20"]
[EventType "team-tourn"]
[EventCountry "GER"]
[SourceTitle "playchess.com"]
[Source "ChessBase"]
[SourceQuality "1"]
[TimeControl "40/6000+30:3000+30"]

1. e4 c5 2. Nf3 d6 3. d4 cxd4 4. Nxd4 Nf6 5. Nc3 a6 6. Be3 e5 7. Nb3 Be7 8. f3 Be6 9. Qd2 O-O 10. O-O-O Nbd7 11. g4 b5 12. g5 Nh5 13. Kb1 Nb6 14. Na5 Rc8 15. a3 g6 16. h4 Ng3 17. Rg1 Nxf1 18. Rgxf1 Na4 19. Nxa4 bxa4 20. f4 exf4 21. Rxf4 Qe8 22. Bd4 Qb5 23. Qb4 Qe2 24. Qd2 Qb5 25. Qb4 Qe2 26. Qd2 1/2-1/2

[Event "German Bundesliga 2023-24"]
[Site "Germany"]
[Date "2024.02.04"]
[Round "8.3"]
[White "L'Ami, Erwin"]
[Black "Mendonca, Leon Luke"]
[Result "1/2-1/2"]
[ECO "D16"]
[WhiteElo "2627"]
[BlackElo "2614"]
[Annotator "RC"]
[PlyCount "64"]
[EventDate "2023.10.20"]
[EventType "team-tourn"]
[EventCountry "GER"]
[SourceTitle "playchess.com"]
[Source "ChessBase"]
[SourceQuality "1"]
[TimeControl "40/6000+30:3000+30"]

1. d4 d5 2. c4 c6 3. Nf3 Nf6 4. Nc3 dxc4 5. a4 e6 6. e3 c5 7. Bxc4 Nc6 8. O-O cxd4 9. exd4 Be7 10. Qe2 O-O 11. Be3 b6 12. Rad1 Nb4 13. Ne5 Bb7 14. f4 Ne4 15. f5 exf5 16. Nxf7 Rxf7 17. Bxf7+ Kxf7 18. Qc4+ Bd5 19. Nxd5 Nxd5 20. Rxf5+ Nef6 21. Rdf1 Kg8 22. Rxf6 Bxf6 23. Rf5 Rc8 24. Qxd5+ Qxd5 25. Rxd5 Rc4 26. a5 Rb4 27. Rd7 bxa5 28. Rxa7 Bxd4 29. Bxd4 Rxd4 30. Rxa5 Rd1+ 31. Kf2 Rd2+ 32. Kf3 Rxb2 1/2-1/2

[Event "German Bundesliga 2023-24"]
[Site "Germany"]
[Date "2024.02.04"]
[Round "8.3"]
[White "Gustafsson, Jan"]
[Black "Baidetskyi, Valentin"]
[Result "1-0"]
[ECO "C41"]
[WhiteElo "2620"]
[BlackElo "2471"]
[Annotator "ChessBase"]
[PlyCount "47"]
[EventDate "2023.10.20"]
[EventType "team-tourn"]
[EventCountry "GER"]
[SourceTitle "playchess.com"]
[Source "ChessBase"]
[SourceQuality "1"]
[TimeControl "40/6000+30:3000+30"]

1. d4 d6 2. e4 Nf6 3. Nc3 e5 4. Nf3 Nbd7 5. a4 Be7 6. a5 O-O 7. Be2 exd4 8. Nxd4 Re8 9. O-O Bf8 10. f3 c6 11. Kh1 Qc7 12. Bf4 Rb8 13. Qd2 b5 14. axb6 axb6 15. Rfd1 g6 16. b4 b5 17. Ndxb5 cxb5 18. Nxb5 Rxb5 19. Bxb5 Re6 20. c4 Ne5 21. c5 Nh5 22. Bxe5 Rxe5 23. Bf1 Bh6 24. Qxh6 1-0

[Event "German Bundesliga 2023-24"]
[Site "Germany"]
[Date "2024.02.04"]
[Round "8.3"]
[White "Predojevic, Borki"]
[Black "Krejci, Jan"]
[Result "1/2-1/2"]
[ECO "E95"]
[WhiteElo "2580"]
[BlackElo "2517"]
[Annotator "RC"]
[PlyCount "44"]
[EventDate "2023.10.20"]
[EventType "team-tourn"]
[EventCountry "GER"]
[SourceTitle "playchess.com"]
[Source "ChessBase"]
[SourceQuality "1"]
[TimeControl "40/6000+30:3000+30"]

1. d4 Nf6 2. c4 d6 3. Nf3 Nbd7 4. Nc3 e5 5. e4 g6 6. Be2 Bg7 7. O-O O-O 8. Re1 Re8 9. Bf1 b6 10. Rb1 exd4 11. Nxd4 Bb7 12. f3 d5 13. cxd5 Nxd5 14. Nce2 N5f6 15. Bg5 h6 16. Bf4 Ne5 17. b4 Qe7 18. Qb3 Nfd7 19. Nb5 Nf8 20. Nbd4 Nfd7 21. Nb5 Nf8 22. Nbd4 Nfd7 1/2-1/2

[Event "German Bundesliga 2023-24"]
[Site "Germany"]
[Date "2024.02.04"]
[Round "8.3"]
[White "Vogel, Roven"]
[Black "Lagarde, Maxime"]
[Result "0-1"]
[ECO "D37"]
[WhiteElo "2471"]
[BlackElo "2629"]
[Annotator "RC"]
[PlyCount "64"]
[EventDate "2023.10.20"]
[EventType "team-tourn"]
[EventCountry "GER"]
[SourceTitle "playchess.com"]
[Source "ChessBase"]
[SourceQuality "1"]
[TimeControl "40/6000+30:3000+30"]

1. d4 Nf6 2. c4 e6 3. Nf3 d5 4. Nc3 Be7 5. Bf4 O-O 6. e3 Nbd7 7. c5 Ne4 8. Nxe4 dxe4 9. Ne5 Nxe5 10. Bxe5 b6 11. Qc2 bxc5 12. Qxe4 Rb8 13. dxc5 Bxc5 14. Bc3 Qe7 15. Bc4 Bb4 16. Qd4 Qg5 17. Bxb4 Rxb4 18. Qc3 Rb6 19. O-O Bb7 20. f3 Rd8 21. Rf2 h5 22. Bf1 Rd7 23. b4 Ba6 24. a4 Bxf1 25. Raxf1 Rbd6 26. e4 Rd3 27. Qc1 Qe5 28. Qb2 R7d4 29. b5 Qc5 30. Qb1 Rc3 31. a5 Rd2 32. Qe1 Rcc2 0-1

[Event "German Bundesliga 2023-24"]
[Site "Germany"]
[Date "2024.02.04"]
[Round "8.4"]
[White "Oleksiyenko, Mykhaylo"]
[Black "Neef, Maximilian"]
[Result "1-0"]
[ECO "C02"]
[WhiteElo "2567"]
[BlackElo "2466"]
[Annotator "ChessBase"]
[PlyCount "67"]
[EventDate "2023.10.20"]
[EventType "team-tourn"]
[EventCountry "GER"]
[SourceTitle "playchess.com"]
[Source "ChessBase"]
[SourceQuality "1"]
[TimeControl "40/6000+30:3000+30"]

1. e4 e6 2. d4 d5 3. e5 c5 4. c3 Nc6 5. Nf3 Qb6 6. a3 Nh6 7. Bd3 cxd4 8. O-O Nf5 9. b4 Be7 10. c4 dxc4 11. Bxc4 O-O 12. Nbd2 Ne3 13. fxe3 dxe3 14. Kh1 Rd8 15. Qe1 exd2 16. Bxd2 Nd4 17. Rc1 Nxf3 18. Rxf3 Bd7 19. Qg3 Qd4 20. Bh6 g6 21. Be3 Qh4 22. Qxh4 Bxh4 23. Rcf1 b5 24. Bb3 Be8 25. Bh6 Rd7 26. g3 Bd8 27. Bxe6 Re7 28. Bd5 Rc8 29. e6 f5 30. Rxf5 gxf5 31. Rxf5 Rg7 32. e7+ Rf7 33. Rxf7 Bxe7 34. Rf8# 1-0

[Event "German Bundesliga 2023-24"]
[Site "Germany"]
[Date "2024.02.04"]
[Round "8.4"]
[White "Ernst, Sipke"]
[Black "Andersen, Mads"]
[Result "1-0"]
[ECO "D36"]
[WhiteElo "2551"]
[BlackElo "2606"]
[Annotator "ChessBase"]
[PlyCount "75"]
[EventDate "2023.10.20"]
[EventType "team-tourn"]
[EventCountry "GER"]
[SourceTitle "playchess.com"]
[Source "ChessBase"]
[SourceQuality "1"]
[TimeControl "40/6000+30:3000+30"]

1. d4 d5 2. c4 e6 3. Nc3 Nf6 4. cxd5 exd5 5. Bg5 Be7 6. e3 h6 7. Bh4 O-O 8. Bd3 c6 9. Qc2 Re8 10. Nf3 Ne4 11. Bxe4 Bxh4 12. Bh7+ Kh8 13. g3 Bf6 14. Bf5 Na6 15. O-O Bxf5 16. Qxf5 g6 17. Qc2 Nc7 18. b4 a6 19. a4 Qd6 20. Rab1 Ne6 21. Rfd1 Kg7 22. h4 h5 23. Kg2 Rec8 24. Qb3 Be7 25. e4 dxe4 26. Nxe4 Qc7 27. Nc5 Nf8 28. a5 Rd8 29. Rbc1 Rab8 30. d5 Bxc5 31. Qc3+ Kg8 32. Qxc5 Rd6 33. Ng5 Nd7 34. Qxd6 Qxd6 35. dxc6 Qf8 36. cxd7 Kg7 37. Rc4 Rd8 38. Rf4 1-0

[Event "German Bundesliga 2023-24"]
[Site "Germany"]
[Date "2024.02.04"]
[Round "8.4"]
[White "Polak, Tomas"]
[Black "Markus, Robert"]
[Result "1-0"]
[ECO "B40"]
[WhiteElo "2518"]
[BlackElo "2582"]
[Annotator "RC"]
[PlyCount "123"]
[EventDate "2023.10.20"]
[EventType "team-tourn"]
[EventCountry "GER"]
[SourceTitle "playchess.com"]
[Source "ChessBase"]
[SourceQuality "1"]
[TimeControl "40/6000+30:3000+30"]

1. e4 c5 2. Nf3 e6 3. c3 d5 4. e5 d4 5. d3 Bd7 6. g3 Bc6 7. Bg2 Ne7 8. O-O Nf5 9. Qe2 Be7 10. Nbd2 Nd7 11. g4 Nh6 12. h3 Qc7 13. cxd4 cxd4 14. Ne4 Nxe5 15. Nxe5 Qxe5 16. f4 Qc7 17. f5 Ng8 18. fxe6 fxe6 19. Ng5 Qg3 20. Nf7 Bd5 21. Nxh8 Bd6 22. Bf4 Bxf4 23. Rxf4 Qxf4 24. Bxd5 Qe3+ 25. Qxe3 dxe3 26. Bxe6 Ke7 27. Bb3 Nh6 28. Re1 Rxh8 29. Rxe3+ Kd6 30. Re6+ Kd7 31. Re3 Rf8 32. Kg2 Ng8 33. Rf3 Rxf3 34. Kxf3 Ne7 35. Ke4 Kd6 36. g5 a5 37. a3 b5 38. Bf7 b4 39. a4 Nc8 40. Bg8 h6 41. gxh6 gxh6 42. b3 Ne7 43. Bf7 Nc6 44. d4 Ne7 45. h4 Nc6 46. h5 Ne7 47. d5 Nc8 48. Be6 Nb6 49. Kd4 Na8 50. Kc4 Nc7 51. Bg8 Na6 52. Kb5 Nc5 53. Kxa5 Nxb3+ 54. Kxb4 Nc5 55. Kb5 Ne4 56. Kb6 Nf6 57. Be6 Nxh5 58. a5 Nf6 59. a6 Ne8 60. a7 Nc7 61. Kb7 h5 62. Bh3 1-0

[Event "German Bundesliga 2023-24"]
[Site "Germany"]
[Date "2024.02.04"]
[Round "8.4"]
[White "Bromberger, Stefan"]
[Black "Zilka, Stepan"]
[Result "1/2-1/2"]
[ECO "E05"]
[WhiteElo "2476"]
[BlackElo "2599"]
[Annotator "RC"]
[PlyCount "42"]
[EventDate "2023.10.20"]
[EventType "team-tourn"]
[EventCountry "GER"]
[SourceTitle "playchess.com"]
[Source "ChessBase"]
[SourceQuality "1"]
[TimeControl "40/6000+30:3000+30"]

1. d4 Nf6 2. c4 e6 3. Nf3 d5 4. g3 Be7 5. Bg2 O-O 6. O-O dxc4 7. Qc2 a6 8. a4 b6 9. Ne5 Ra7 10. Rd1 Bb7 11. e4 Nc6 12. Nxc6 Bxc6 13. Nc3 Qb8 14. Qe2 Ba8 15. Bg5 c6 16. e5 Nd5 17. Bxe7 Rxe7 18. Qxc4 c5 19. Bxd5 exd5 20. Qxa6 cxd4 21. Nb5 Rxe5 1/2-1/2

[Event "German Bundesliga 2023-24"]
[Site "Germany"]
[Date "2024.02.04"]
[Round "8.5"]
[White "Van Wely, Loek"]
[Black "Kramer, Julian"]
[Result "1/2-1/2"]
[ECO "A34"]
[WhiteElo "2626"]
[BlackElo "2470"]
[Annotator "ChessBase"]
[PlyCount "62"]
[EventDate "2023.10.20"]
[EventType "team-tourn"]
[EventCountry "GER"]
[SourceTitle "playchess.com"]
[Source "ChessBase"]
[SourceQuality "1"]
[TimeControl "40/6000+30:3000+30"]

1. Nf3 Nf6 2. c4 c5 3. Nc3 d5 4. cxd5 Nxd5 5. e3 Nxc3 6. bxc3 g6 7. h4 Bg7 8. h5 Qa5 9. Qb3 Nc6 10. Bb2 Qb6 11. Bb5 Be6 12. c4 Bxb2 13. Qxb2 O-O-O 14. O-O-O f6 15. d4 Bg4 16. d5 Bxf3 17. gxf3 Ne5 18. hxg6 hxg6 19. Rxh8 Rxh8 20. d6 Rd8 21. f4 Nf7 22. dxe7 Rxd1+ 23. Kxd1 Qd6+ 24. Ke2 Qxe7 25. Qc2 a6 26. Ba4 Qe6 27. Bb3 Qg4+ 28. Kf1 Qh3+ 29. Kg1 Qg4+ 30. Kf1 Qh3+ 31. Kg1 Qg4+ 1/2-1/2

[Event "German Bundesliga 2023-24"]
[Site "Germany"]
[Date "2024.02.04"]
[Round "8.5"]
[White "Stevic, Hrvoje"]
[Black "Kraus, Tomas"]
[Result "1/2-1/2"]
[ECO "B07"]
[WhiteElo "2549"]
[BlackElo "2491"]
[Annotator "RC"]
[PlyCount "124"]
[EventDate "2023.10.20"]
[EventType "team-tourn"]
[EventCountry "GER"]
[SourceTitle "playchess.com"]
[Source "ChessBase"]
[SourceQuality "1"]
[TimeControl "40/6000+30:3000+30"]

1. e4 d6 2. d4 Nf6 3. Nc3 e5 4. dxe5 dxe5 5. Qxd8+ Kxd8 6. Bc4 Bb4 7. Bxf7 Rf8 8. Bb3 Nxe4 9. Nge2 Nc5 10. Bc4 Be6 11. Bxe6 Nxe6 12. Bd2 Nd7 13. f3 Ke8 14. O-O-O Rd8 15. Rhe1 Kf7 16. Ne4 Bxd2+ 17. Rxd2 Nf6 18. N2c3 Nxe4 19. Nxe4 Rfe8 20. Rxd8 Rxd8 21. Nf2 Nf4 22. g3 Ng6 23. Nd3 Rd5 24. Kd2 Kf6 25. c4 Rd6 26. Kc3 b6 27. b4 Re6 28. a4 Ne7 29. b5 c5 30. Nf2 h5 31. Ne4+ Kg6 32. Rd1 Nf5 33. Rd7 Re7 34. Rxe7 Nxe7 35. a5 Kf5 36. a6 g5 37. Kd3 g4 38. Ke3 Ke6 39. Kf2 Nc8 40. Kg2 Ne7 41. h4 gxf3+ 42. Kxf3 Kf5 43. Nd6+ Ke6 44. Nb7 Kf5 45. Nd8 e4+ 46. Ke3 Kg4 47. Nc6 Nc8 48. Kxe4 Kxg3 49. Ke5 Kxh4 50. Ke6 Kg3 51. Kd7 h4 52. Kxc8 h3 53. Nxa7 h2 54. Nc6 h1=Q 55. a7 Qh8+ 56. Kb7 Qg7+ 57. Kxb6 Qf8 58. Kb7 Qf7+ 59. Ka6 Qg8 60. Kb6 Qf8 61. Nb8 Qf6+ 62. Nc6 Qf8 1/2-1/2